 Dungeon Crawl Stone Soup version 0.28-a0-662-g1651b1f1e0 (webtiles) character file.

Game seed: 825358943229158695

40 nukaronaldo the Slasher (level 3, -1/28 HPs)
             Began as a Demonspawn Gladiator on Oct 15, 2021.
             Slain by an adder (2 damage)
             ... on level 2 of the Dungeon.
             The game lasted 00:10:41 (1861 turns).

nukaronaldo the Slasher (Demonspawn Gladiator)      Turns: 1861, Time: 00:10:41

Health: -1/28      AC:  3    Str: 14    XL:     3   Next: 30%
Magic:  3/3        EV: 12    Int:  9    God:
Gold:   50         SH:  0    Dex: 15    Spells: 2/2 levels left

rFire   . . .      SeeInvis .   a - +0 long sword
rCold   . . .      Faith    .   (no shield)
rNeg    . . .      Spirit   .   b - +0 leather armour
rPois   .          Reflect  .   (helmet restricted)
rElec   .          Harm     .   (no cloak)
rCorr   .          Rampage  .   (no gloves)
Will    .....                   (no boots)
Stlth   +.........              (no amulet)
HPRegen 0.09/turn               (no ring)
MPRegen 0.08/turn               (no ring)

@: no status effects
A: horns 2
a: no special abilities


You were on level 2 of the Dungeon.
You visited 1 branch of the dungeon, and saw 2 of its levels.

You collected 50 gold pieces.

Inventory:

Hand Weapons
 a - a +0 long sword (weapon)
 e - a +0 dagger
 j - a +0 dagger
 k - a +0 club
 l - a +0 club
 m - a +0 dagger
 n - a +0 mace
 p - a +0 short sword
 t - a +0 shortbow
Missiles
 d - 20 bolts
 u - 19 stones (quivered)
Armour
 b - a +0 leather armour (worn)
 c - a +0 helmet
 f - a +0 robe
 i - a +0 ring mail
 q - a +0 leather armour
 r - a +0 leather armour
 s - a +0 leather armour
Scrolls
 g - a scroll of amnesia {unknown}
 h - 4 scrolls of identify {unknown}
 o - a scroll of teleportation {unknown}


   Skills:
 + Level 2.5 Fighting
 + Level 3.2 Long Blades
 + Level 2.1 Throwing
 + Level 0.4 Armour
 + Level 2.8 Dodging
 + Level 0.2 Stealth


You had 2 spell levels left.
You didn't know any spells.
Your spell library was empty.

Dungeon Overview and Level Annotations

Branches:
Dungeon (2/15)

Altars:


Innate Abilities, Weirdness & Mutations

You have a pair of horns on your head.


Message History

You open the door.
There is an open door here.
A kobold comes into view. It is wielding a +0 short sword.
The kobold moves out of view.
A hobgoblin comes into view.
The kobold shouts!
The hobgoblin shouts!
An adder comes into view.
A kobold comes into view. It is wielding a +0 short sword.
The adder hisses angrily.
The kobold shouts!
The kobold misses you. The hobgoblin misses you. The kobold misses you.
You closely miss the kobold.
The hobgoblin hits you but does no damage.
The kobold hits you with a +0 short sword.
You barely miss the adder. The hobgoblin hits you. The adder barely misses you.
The kobold barely misses you. The hobgoblin closely misses you.
You slash the kobold!
You kill the kobold!
The adder closely misses you.
The kobold hits you with a +0 short sword.
The adder barely misses you. The hobgoblin hits you.
The hobgoblin hits you but does no damage.
You closely miss the hobgoblin. Your headbutt misses the hobgoblin.
The adder misses you.
The kobold hits you with a +0 short sword.
The hobgoblin barely misses you. The adder misses you.
You barely miss the adder. You headbutt the adder.
The adder is moderately wounded.
The kobold hits you with a +0 short sword.
The adder bites you. The hobgoblin hits you.
* * * LOW HITPOINT WARNING * * *
You barely miss the adder. You headbutt the adder.
The adder is heavily wounded.
The adder completely misses you.
The kobold hits you with a +0 short sword.
* * * LOW HITPOINT WARNING * * *
The hobgoblin hits you.
* * * LOW HITPOINT WARNING * * *
The adder bites you.
You die...

########## .........#
.........#######
...............#######
.......S@......'.....+
.......Kg......##.####
.........########.#
.........##....##.#
###########....##.#
#....##.# #....##.#
#....##.#
#########....##.# .


You could see an adder, a hobgoblin and a kobold.

Vanquished Creatures
  An adder (D:2)
  4 bats (D:1)
  6 endoplasms
  5 goblins
  2 hobgoblins (D:1)
  2 quokkas
  A ball python (D:1)
  2 frilled lizards (D:1)
  4 kobolds
27 creatures vanquished.

Notes
Turn   | Place    | Note
-------+----------+-------------------------------------------
     0 | D:1      | nukaronaldo the Demonspawn Gladiator began the quest for
                  | the Orb.
     0 | D:1      | Reached XP level 1. HP: 16/16 MP: 1/1
   384 | D:1      | Gained mutation: You have a pair of small horns on your
                  | head. [demonic ancestry]
   384 | D:1      | Reached XP level 2. HP: 22/22 MP: 2/2
   820 | D:1      | Reached skill level 3 in Long Blades
  1594 | D:2      | Gained mutation: You have a pair of horns on your head.
                  | [demonic ancestry]
  1594 | D:2      | Reached XP level 3. HP: 28/28 MP: 3/3
  1861 | D:2      | HP: 1/28 [hobgoblin (2)]
  1861 | D:2      | Slain by an adder

Illustrated notes

Levels and vault maps discovered:
D:1:      lightli_arrival_chessboard, layout_basic
D:2:      layout_basic, hangedman_abyss_or_decor_lesser_grid,
          minmay_misc_feat_columns

Skill      XL: |  1  2 |
---------------+-------+-----
Throwing       | 2 |  2.1
Long Blades    | 3 |  3.2
Fighting       | |  2.5
Armour         | |  0.4
Dodging        | |  2.8
Stealth        | |  0.2

Action                   || total
-------------------------++-------
Melee: Long sword        ||    67
       Headbutt          ||     6
Throw: Throwing net      ||     4
 Stab: Sleeping          ||     1
Armor: Leather armour    ||    28
Dodge: Dodged            ||    54

Table legend: (Time is in decaauts)
 A = Elapsed time spent in this place.
 B = Non-inter-level travel time spent in this place.
 C = Inter-level travel time spent in this place.
 D = Time resting spent in this place.
 E = Time spent auto-exploring this place.
 F = Levels seen in this place.
 G = Mean time per level.
                   A        B        C        D        E       F      G
               +--------+--------+--------+--------+--------+-----+--------+
         Total |   1876 |   1823 |     53 |    373 |      0 |   2 |  938.0 |
       Dungeon |   1876 |   1823 |     53 |    373 |      0 |   2 |  938.0 |
               +--------+--------+--------+--------+--------+-----+--------+

Top non-repeatable levels by time:
     D:1: 1407 daAuts
     D:2: 469 daAuts
